 Dungeon Crawl Stone Soup version 0.29-a0-1061-gbc57f8fbdb (webtiles) character file.

Game seed: 794302519966047596

2 Nedwor the Ducker (level 1, -1/16 HPs)
             Began as a Demonspawn Gladiator on Aug 18, 2022.
             Frozen to death by an endoplasm (5 damage)
             ... on level 1 of the Dungeon.
             The game lasted 00:00:53 (304 turns).

Nedwor the Ducker (Demonspawn Gladiator)             Turns: 304, Time: 00:00:54

Health: -1/16      AC:  6    Str: 14    XL:     1   Next: 33%
Magic:  1/1        EV: 11    Int:  9    God:
Gold:   14         SH:  0    Dex: 14    Spells: 0/0 levels left

rFire   . . .      SeeInvis .   a - +0 rapier
rCold   . . .      Faith    .   (no shield)
rNeg    . . .      Spirit   .   f - +0 ring mail
rPois   .          Reflect  .   c - +0 helmet
rElec   .          Harm     .   (no cloak)
rCorr   .          Rampage  .   (no gloves)
Will    .....                   (no boots)
Stlth   +.........              (no amulet)
HPRegen 0.05/turn               (no ring)
MPRegen 0.07/turn               (no ring)

@: no status effects
A: no striking features
a: no special abilities


You were on level 1 of the Dungeon.
You visited 1 branch of the dungeon, and saw 1 of its levels.

You collected 14 gold pieces.

Inventory:

Hand Weapons
 a - a +0 rapier (weapon)
Missiles
 d - 3 throwing nets (quivered)
 e - a javelin
Armour
 c - a +0 helmet (worn)
 f - a +0 ring mail (worn)


   Skills:
 + Level 2.0 Fighting
 * Level 2.7 Short Blades
 - Level 1.7 Throwing
 + Level 0.1 Armour
 + Level 2.7 Dodging


You couldn't memorise any spells.
You didn't know any spells.
Your spell library was empty.

Dungeon Overview and Level Annotations

Branches:
Dungeon (1/15)

Altars:


Message History

Unknown command.
The endoplasm barely misses you. The giant cockroach closely misses you.
The endoplasm attacks as you move away! The endoplasm barely misses you.
The giant cockroach attacks as you move away!
The giant cockroach closely misses you. The endoplasm attacks as you move away!
The endoplasm closely misses you.
The giant cockroach bites you but does no damage.
You completely miss the giant cockroach.
The giant cockroach is almost dead.
The giant cockroach closely misses you. The endoplasm closely misses you.
The giant cockroach barely misses you.
You hit the giant cockroach.
You kill the giant cockroach!
The endoplasm freezes you.
You are frozen.
You closely miss the kobold. The kobold closely misses you.
The endoplasm freezes you.
You are frozen.
You hit the kobold.
The kobold is moderately wounded.
The kobold hits you with a +0 club.
The endoplasm hits you but does no damage.
You barely miss the kobold.
The kobold is moderately wounded.
The kobold hits you but does no damage.
The endoplasm hits you but does no damage.
You barely miss the kobold.
The kobold is moderately wounded.
The endoplasm hits you but does no damage.
The kobold hits you but does no damage.
You hit the kobold.
The kobold is moderately wounded.
The kobold hits you but does no damage. The endoplasm misses you.
You hit the kobold but do no damage.
The kobold is moderately wounded.
The kobold hits you with a +0 club.
* * * LOW HITPOINT WARNING * * *
The endoplasm freezes you.
You are frozen.
You die...

##. #....#### #(.#
#........ #########.....
......... #...<...#
...##....$... #8.....8#
..#........ ##.....##
#......... #..8.8..#
#.........
##.....########.........
#.....#.....@K.........
#.8.8.#..[...J.........
#.....#............?...
#.....#.).............)
##
#.8.8.#................
..###'####.......#.......
#. #.# #..............#
#..#.####.......#......#
#....##..รท....# .


You could see an endoplasm and a kobold.

Vanquished Creatures
  A giant cockroach (D:1)
  2 ball pythons (D:1)
3 creatures vanquished.

Notes
Turn   | Place    | Note
-------+----------+-------------------------------------------
     0 | D:1      | Nedwor the Demonspawn Gladiator began the quest for the
                  | Orb.
     0 | D:1      | Reached XP level 1. HP: 16/16 MP: 1/1
   304 | D:1      | Frozen to death by an endoplasm

Illustrated notes

Levels and vault maps discovered:
D:1:      elethiomel_arrival_quiet, layout_rooms, corexii_leaking_fountain

Action                   || total
-------------------------++-------
Melee: Rapier            ||    21
Armor: Ring mail         ||    11
       Leather armour    ||     4
Dodge: Dodged            ||    21

Table legend: (Time is in decaauts)
 A = Elapsed time spent in this place.
 B = Non-inter-level travel time spent in this place.
 C = Inter-level travel time spent in this place.
 D = Time resting spent in this place.
 E = Time spent auto-exploring this place.
 F = Levels seen in this place.
 G = Mean time per level.
                   A        B        C        D        E       F      G
               +--------+--------+--------+--------+--------+-----+--------+
         Total |    305 |    305 |      0 |    222 |     31 |   1 |  305.0 |
       Dungeon |    305 |    305 |      0 |    222 |     31 |   1 |  305.0 |
               +--------+--------+--------+--------+--------+-----+--------+

Top non-repeatable levels by time:
     D:1: 305 daAuts
